 Dungeon Crawl Stone Soup version 0.31-a0-232-gb1c03b2570 (webtiles) character file.

Game seed: 2490403560800713093

143 qw the Shooter (level 5, -4/44 HPs)
             Began as a Minotaur Hexslinger on July 7, 2023.
             Killed by nerve-wracking pain
             ... invoked by a shadow imp
             ... summoned by Eustachio
              (10 damage)
             ... on level 4 of the Dungeon.
             The game lasted 00:00:43 (2366 turns).

qw the Shooter (Minotaur Hexslinger)                Turns: 2366, Time: 00:00:44

Health: -4/44      AC:  6    Str: 13    XL:     5   Next: 4%
Magic:  5/5        EV: 11    Int: 10    God:
Gold:   43         SH:  0    Dex: 14    Spells: 5/6 levels left

rFire   + . .        Y - +0 arbalest
rCold   . . .        (shield currently unavailable)
rNeg    . . .        h - +0 ring mail
rPois   +            (helmet restricted)
rElec   .            (no cloak)
rCorr   .            j - +0 pair of gloves
SInv    .            (no boots)
Will    .....        (no amulet)
Stlth   +            g - ring of protection from fire
HPRegen 0.27/turn    i - ring of poison resistance
MPRegen 0.09/turn

%: no passive effects
@: about to teleport
A: horns 2, retaliatory headbutt
a: no special abilities


You were on level 4 of the Dungeon.
You visited 1 branch of the dungeon, and saw 4 of its levels.

You collected 129 gold pieces.
You spent 86 gold pieces at shops.


Innate Abilities, Weirdness & Mutations

You have a pair of horns on your head.
You reflexively headbutt those who attack you in melee.


   Skills:
 + Level 2.8 Fighting
 - Level 5.1 Ranged Weapons
 - Level 1.0 Armour
 - Level 2.1 Dodging
 - Level 1.0 Spellcasting
 - Level 2.0 Hexes


You had 5 spell levels left.
You knew the following spells:

 Your Spells              Type           Power      Damage    Failure   Level
a - Slow                  Hex            16%        N/A       32%         1

Your spell library contained the following spells:

 Spells                   Type           Power      Damage    Failure   Level
 Inner Flame              Hex/Fire       2%         N/A       82%         3
 Portal Projectile        Hex/Tloc       4%         N/A       82%         3
 Cause Fear               Hex            2%         N/A       97%         4

Inventory:

Hand Weapons
 Y - a +0 arbalest (weapon)
Armour
 h - a +0 ring mail (worn)
 j - a +0 pair of gloves (worn)
Jewellery
 g - a ring of protection from fire (left hand)
 i - a ring of poison resistance (right hand)
Wands
 c - a wand of digging (7)
Scrolls
 a - a scroll of identify
Potions
 b - a potion of might
 d - 2 potions of curing
 e - a potion of brilliance {unknown}
 f - a potion of enlightenment
 k - a potion of attraction {unknown}
 l - a potion of resistance {unknown}

Dungeon Overview and Level Annotations

Branches:
Dungeon (4/15)
 Temple: D:4-7

Altars:
Hepliaklqana
Xom
Zin

Shops:
D:2 =   D:3 !   D:4 !

Annotations:
D:3 2 transporters, qw's ghost, weakling MiHs
D:4 Eustachio


Message History

You furiously retaliate!
You headbutt the white imp! The shadow imp gestures at you.
You barely resist. You shoot a bolt. The bolt hits the white imp.
You kill the white imp!
The white imp disappears in a puff of smoke!
Eustachio mumbles some strange words.
The shadow imp sputters.
The shadow imp hits you.
Eustachio mumbles some strange words.
Eustachio blinks!
You shoot a bolt. The bolt barely misses the shadow imp.
The bat hits you but does no damage. The shadow imp hits you.
The bat hits you but does no damage. The shadow imp barely misses you.
You shoot a bolt. The bolt hits Eustachio.
Eustachio is heavily wounded.
The bat hits you but does no damage. x2
The shadow imp gestures at you.
You barely resist. Eustachio hits you with a +0 falchion.
The crimson imp hits you. The shadow imp gestures at you.
Pain shoots through your body!
2365 ||| READING scroll of teleportation.
As you read the scroll of teleportation, it crumbles to dust.
You feel strangely unstable. The bat hits you but does no damage.
Eustachio misses you.
The crimson imp hits you but does no damage.
The shadow imp hits you.
You shoot a bolt. The bolt hits Eustachio!
Eustachio is almost dead.
The bat hits you but does no damage. x2
Eustachio casts a spell.
The crimson imp spits at you. The crimson imp misses you.
You furiously retaliate!
You headbutt the crimson imp. The shadow imp closely misses you.
Eustachio gestures wildly while chanting.
Eustachio blinks!
The crimson imp barely misses you. The shadow imp gestures at you.
Pain shoots through your body!
You die...

#.##.....# ###'####..#
#..#.....#.# #.####.##
##.###'#<#.####.##...#
#.###'#.#.##......###
#>......#.##.#.####
#.......#.##.#.#
#.?.....#....#+##
#........#rr5....#
#........#.@.b...#
#.#......#5#ยค....#
#####
#........#.#.....#
#....
##.###+#.#.#.@...#
####.###
#........#.#.......
..#.#
##.###.#...#......#
#.#.# ..
#.#...#......# #.#.#
..# #.#...#......#
#...# .... #.#...#
##..#


You could see Eustachio, a crimson imp (summoned), a shadow imp (summoned), a
bat (summoned) and 2 rats.

Vanquished Creatures
  2 hounds (D:4)
  2 adders
  2 worms (D:3)
  A dart slug (D:1)
  7 bats
  5 endoplasms
  2 giant cockroaches
  8 goblins
  4 hobgoblins
  2 jackals (D:2)
  5 kobolds
  5 ball pythons
  4 frilled lizards
  4 rats
53 creatures vanquished.

Notes
Turn   | Place    | Note
-------+----------+-------------------------------------------
     0 | D:1      | qw the Minotaur Hexslinger began the quest for the Orb.
     0 | D:1      | Reached XP level 1. HP: 16/16 MP: 1/1
     0 | D:1      | 0 ||| qw: Version: 0.3-a-46-gb1f654a
     0 | D:1      | 0 ||| qw: Game counter: 2407
     0 | D:1      | 0 ||| qw: Melee chars always use a shield: true
     0 | D:1      | 0 ||| qw: God list: Okawaru
     0 | D:1      | 0 ||| qw: Allow faded altars: false
     0 | D:1      | 0 ||| qw: Do Orc after clearing Dungeon:15 true
     0 | D:1      | 0 ||| qw: Do second Lair branch before Depths: true
     0 | D:1      | 0 ||| qw: Lair rune preference: random
     0 | D:1      | 0 ||| qw: Goals: Normal
     0 | D:1      | 0 ||| PLANNING D:1-11
    36 | D:1      | Reached skill level 3 in Ranged Weapons
    37 | D:1      | Reached XP level 2. HP: 23/23 MP: 2/2
   174 | D:1      | Noticed a great orb of eyes
   177 | D:1      | Found a faded altar of an unknown god.
   179 | D:1      | Noticed a great orb of eyes
   179 | D:1      | Noticed a floating eye
   179 | D:1      | Noticed an eye of devastation
   614 | D:1      | 614 ||| UPGRADING to +0 pair of gloves.
   619 | D:1      | 619 ||| UPGRADING to ring of protection from fire.
   620 | D:1      | 620 ||| READING scroll labelled GIYMONKURUNG.
   621 | D:1      | 621 ||| READING scroll labelled IRUHY LUZIYVI.
   622 | D:1      | 622 ||| READING scroll labelled PEL TORUNUMI.
   623 | D:1      | 623 ||| DROPPING scroll of poison.
   662 | D:2      | Found Ecubagy's Jewellery Shoppe.
   672 | D:2      | 672 ||| SHOPLISTING amulet of faith (400 gold, have 48).
   672 | D:2      | 672 ||| SHOPLISTING ring of ice (250 gold, have 48).
   672 | D:2      | 672 ||| SHOPLISTING ring of resist corrosion (200 gold,
                  | have 48).
   744 | D:2      | 744 ||| READING scroll of enchant weapon.
   744 | D:2      | 744 ||| ENCHANTING +2 sling.
   886 | D:2      | Reached XP level 3. HP: 29/29 MP: 3/3
  1359 | D:2      | 1359 ||| UPGRADING to ring of poison resistance.
  1360 | D:2      | 1360 ||| READING scroll labelled CAORAD QOEPITO.
  1361 | D:2      | 1361 ||| READING scroll labelled XOILEYCWUU.
  1362 | D:2      | 1362 ||| DRINKING 2 emerald potions.
  1363 | D:2      | 1363 ||| READING 2 scrolls of identify.
  1363 | D:2      | 1363 ||| IDENTIFYING bubbling silvery potion
  1458 | D:3      | 1458 ||| SWAPPING to +0 arbalest.
  1459 | D:3      | 1459 ||| DROPPING +3 sling.
  1463 | D:3      | Reached skill level 4 in Ranged Weapons
  1490 | D:3      | Found a transporter.
  1493 | D:3      | Noticed qw's ghost (weakling MiHs)
  1494 | D:3      | Found a transporter.
  1495 | D:3      | Identified the +11 dire flail of Destiny {heavy, +Blink rF+
                  | Int+3}
  1495 | D:3      | Noticed an ogre
  1497 | D:3      | Noticed an ogre
  1548 | D:3      | Found Zumy Cia's Distillery.
  1557 | D:3      | 1557 ||| SHOPLISTING potion of cancellation (112 gold, have
                  | 74).
  1557 | D:3      | 1557 ||| BUYING potion of curing (42 gold).
  1557 | D:3      | Bought a potion of curing for 42 gold pieces
  1557 | D:3      | 1557 ||| SHOPLISTING potion of curing (42 gold, have 32).
  1557 | D:3      | 1557 ||| SHOPLISTING potion of enlightenment (70 gold, have
                  | 32).
  1557 | D:3      | 1557 ||| SHOPLISTING potion of haste (140 gold, have 32).
  1557 | D:3      | 1557 ||| SHOPLISTING potion of heal wounds (70 gold, have
                  | 32).
  1680 | D:3      | Reached XP level 4. HP: 29/36 MP: 4/4
  1870 | D:3      | 1870 ||| UPGRADING to +0 ring mail.
  1880 | D:3      | 1880 ||| DROPPING +0 robe.
  1881 | D:3      | 1881 ||| READING scroll labelled QASHOK QYHIPA.
  1886 | D:3      | 1886 ||| READING scroll labelled OQAZOCOMPA.
  1987 | D:3      | 1987 ||| READING 2 scrolls of identify.
  1987 | D:3      | 1987 ||| IDENTIFYING purple potion
  1988 | D:3      | 1988 ||| DROPPING potion of ambrosia.
  2030 | D:4      | Reached skill level 1 in Armour
  2042 | D:4      | Found Ymin's Distillery.
  2049 | D:4      | 2049 ||| SHOPLISTING 2 potions of might (88 gold, have 46).
  2049 | D:4      | 2049 ||| SHOPLISTING potion of haste (110 gold, have 46).
  2049 | D:4      | 2049 ||| SHOPLISTING potion of heal wounds (55 gold, have
                  | 46).
  2049 | D:4      | 2049 ||| BUYING potion of might (44 gold).
  2049 | D:4      | Bought a potion of might for 44 gold pieces
  2049 | D:4      | 2049 ||| SHOPLISTING potion of might (44 gold, have 2).
  2049 | D:4      | 2049 ||| SHOPLISTING potion of mutation (88 gold, have 2).
  2079 | D:4      | Reached skill level 5 in Ranged Weapons
  2080 | D:4      | Found a glowing silver altar of Zin.
  2196 | D:4      | Found a hazy altar of Hepliaklqana.
  2197 | D:4      | Found a shimmering altar of Xom.
  2198 | D:4      | Noticed a spectral ugly thing
  2286 | D:4      | Reached XP level 5. HP: 32/44 MP: 5/5
  2354 | D:4      | Noticed Eustachio
  2364 | D:4      | HP: 7/44 [shadow imp/nerve-wracking pain[Eustachio] (9)]
  2365 | D:4      | 2365 ||| READING scroll of teleportation.
  2366 | D:4      | Killed from afar by a shadow imp

Levels and vault maps discovered:
D:1:      pf_arrival_petrified_forest, layout_loops_ring,
          hellmonk_ecumenical_altar_watching_god, st_stairs_3, corner_web_ring
D:2:      layout_loops_corners, serial_shops, nicolae_shop_advertising_works
          [nicolae_subvault_shop_adworks], minmay_misc_feat_plants
D:3:      layout_rooms, serial_shops, shop, gammafunk_ghost_smash,
          grunt_ministairs_11, st_stairs_5
D:4:      layout_basic, regret_index_temple_of_mockery,
          mainiacjoe_overflow_boulevard, mainiacjoe_overflow_catwalk,
          serial_curves, eino_curves_04, eino_curves_01, serial_shops, shop,
          uniq_eustachio

Skill      XL: |  1  2  3  4 |
---------------+-------------+-----
Ranged Weapons | 3 4 5 |  5.1
Fighting       | 2 |  2.8
Armour         | 1 |  1.0
Dodging        | |  2.1
Spellcasting   | |  1.0
Hexes          | |  2.0

Action                     |  1- 3 |  4- 6 || total
---------------------------+-------+-------++-------
   Fire: Sling             |    69 |       ||    69
         Arbalest          |    21 |    33 ||    54
    Use: Scroll            |     7 |     4 ||    11
         Potion            |     1 |       ||     1
 Armour: Robe              |     4 |     1 ||     5
         Ring mail         |       |    11 ||    11
  Dodge: Dodged            |    17 |    24 ||    41

Table legend:
 A = Non-vault XP
 B = Vault XP
 C = Vault XP percentage of total XP
 D = Non-vault monster count
 E = Vault monster count
 F = Vault count percentage of total count
                 A         B        C        D         E       F
            +---------+---------+-------+---------+---------+-------
      Total |     179 |      26 |  12.7 |      47 |       6 |  11.3
            +---------+---------+-------+---------+---------+-------
        D:1 |      29 |       4 |  12.1 |      16 |       2 |  11.1
        D:2 |      21 |       0 |   0.0 |      14 |       0 |   0.0
        D:3 |      25 |      22 |  46.8 |      13 |       4 |  23.5
        D:4 |     104 |       0 |   0.0 |       4 |       0 |   0.0
            +---------+---------+-------+---------+---------+-------
